 Dungeon Crawl Stone Soup version 0.29.1-1-gd02db6906a (webtiles) character file.

Game seed: 6385687635022383562

2841 Ashen the Chiller (level 9, -9/46 (68) HPs)
             Began as a Demonspawn Ice Elementalist on Sept 17, 2022.
             Was a Follower of Vehumet.
             Mangled by a two-headed ogre
             ... wielding a +0 giant club
              (26 damage)
             ... on level 6 of the Dungeon.
             The game lasted 00:34:15 (9758 turns).

Ashen the Chiller (Demonspawn Ice Elementalist)     Turns: 9758, Time: 00:34:16

HP:   -9/46 (68)    AC: 13    Str:  8    XL:     9   Next: 46%
MP:   17/17         EV: 13    Int: 21    God:    Vehumet [*.....]
Gold: 246           SH:  4    Dex: 14    Spells: 8/19 levels left

rFire   . . .      SeeInvis .   l - +1 whip (venom)
rCold   . . .      Faith    .   (no shield)
rNeg    . . .      Spirit   .   r - +2 leather armour {Will+}
rPois   .          Reflect  .   (helmet restricted)
rElec   .          Harm     .   u - +1 cloak
rCorr   .          Rampage  .   D - +0 pair of gloves
Will    +....                   (no boots)
Stlth   +++.......              (no amulet)
HPRegen 0.15/turn               e - ring of wizardry
MPRegen 0.15/turn               n - ring of flight

@: ice-armoured, flying, very heavily drained
A: antennae 1, large bone plates 1, powered by death 1, powered by pain 2
a: Renounce Religion


You were on level 6 of the Dungeon.
You worshipped Vehumet.
Vehumet was aware of your devotion.
You visited 2 branches of the dungeon, and saw 7 of its levels.
You also visited: Ossuary.

You collected 360 gold pieces.
You spent 114 gold pieces at shops.

Inventory:

Hand Weapons
 j - a +1 short sword of draining
 l - a +1 whip of venom (weapon)
 A - a +0 dagger of venom
Armour
 r - a +2 leather armour of willpower (worn)
 u - a +1 cloak (worn)
 v - the +3 Mad Mage's Maulers {Infuse+∞ RegenMP Int-3}
   (You found it on level 6 of the Dungeon)

   It empowers its wearer's blows with all of their magic.
   It causes its wearer's magical reserves to regenerate more quickly.
   Int:       It affects your intelligence (-3).
 D - a +0 pair of gloves (worn)
Jewellery
 e - a ring of wizardry (left hand)
 g - a ring of resist corrosion
 n - a ring of flight (right hand)
 q - a ring of ice
 z - a ring of protection from cold
Wands
 H - a wand of charming (3)
Scrolls
 a - a scroll of immolation
 d - a scroll of identify
 h - 2 scrolls of enchant weapon
 i - 2 scrolls of fog {unknown}
 k - 4 scrolls of vulnerability
 p - 2 scrolls of blinking
 t - 2 scrolls of fear
 w - 3 scrolls of teleportation
 x - a scroll of amnesia {unknown}
 y - a scroll of enchant armour {unknown}
 C - 2 scrolls of silence
 F - a scroll of magic mapping
 I - a scroll of brand weapon {unknown}
 J - a scroll of poison {unknown}
Potions
 b - 2 potions of magic
 c - 7 potions of flight
 f - 2 potions of heal wounds
 m - 2 potions of mutation
 o - a potion of attraction
 B - a potion of resistance
 E - a potion of ambrosia
 G - 2 potions of lignification
 K - a potion of haste


   Skills:
 + Level 5.3 Fighting
 + Level 5.4 Dodging
 - Level 5.0 Stealth
 + Level 5.5 Spellcasting
 + Level 4.5 Conjurations
 + Level 6.3 Ice Magic


You had 8 spell levels left.
You knew the following spells:

 Your Spells              Type           Power      Damage    Failure   Level
a - Freeze                Ice            100%       1d11      1%          1
b - Frozen Ramparts       Ice            64%        1d10      1%          3
c - Ozocubu's Armour      Ice            32%        N/A       1%          3
d - Hailstorm             Conj/Ice       28%        3d8       6%          4

Your spell library contained the following spells:

 Spells                   Type           Power      Damage    Failure   Level
 Shock                    Conj/Air       60%        1d6       2%          1
 Beastly Appendage        Tmut           10%        N/A       6%          1
 Blink                    Tloc           10%        N/A       9%          2
 Wereblood                Tmut           5%         N/A       9%          2
 Spider Form              Tmut/Pois      5%         N/A       17%         3
 Manifold Assault         Tloc           5%         N/A       82%         5
 Storm Form               Tmut/Air       2%         N/A       100%        7


Dungeon Overview and Level Annotations

Branches:
Dungeon (6/15)             Temple (1/1) D:5         Ossuary (visited)

Altars:
Ashenzari
Dithmenos
Fedhas
Hepliaklqana
Kikubaaqudgha
Nemelex Xobeh
Qazlal
Sif Muna
Vehumet
Wu Jian
Xom
Lugonu

Shops:
D:2 *

Annotations:
D:5 Menkaure


Innate Abilities, Weirdness & Mutations

You have a pair of small antennae on your head.
You are partially covered in large bone plates. (SH +4)
You regenerate a little health from kills.
You sometimes gain power by taking damage.


Message History

You hit the howler monkey but do no damage.
The howler monkey is almost dead.
The howler monkey hits you. The howler monkey misses you.
You hit the howler monkey but do no damage.
You drain the howler monkey.
You kill the howler monkey!
Vehumet accepts your kill.
Your +1 whip of venom begins to drip with poison!
l - a +1 whip of venom (weapon)
Okay, then.
Things that are here:
a +4 dagger; a +0 robe
Things that are here:
a +0 whip; 8 stones You see here a +0 spear.
A two-headed ogre comes into view.
It is wielding two +0 giant clubs. 2 orcs come into view.
The two-headed ogre shouts in stereo!
The orc shouts!
The orc moves out of view.
Casting: Ozocubu's Armour (safe; 1% risk of failure)
Confirm with . or Enter, or press ? or * to list all spells.
Casting: Hailstorm (dangerous; 6% risk of failure)
Press: ? - help, Dir - look around, f - activate A cannonade of hail descends around you!
The hail pelts the two-headed ogre!
The two-headed ogre is lightly wounded.
An orc wizard comes into view. It is wielding a +1 antimagic dagger.
Unknown command.
Casting: Hailstorm (dangerous; 6% risk of failure)
Confirm with . or Enter, or press ? or * to list all spells.
A film of ice covers your body!
The two-headed ogre hits you with a +0 giant club!!
Ouch! That really hurt!
You focus on the pain.
You feel your power returning.
The two-headed ogre hits you with a +0 giant club.
Your icy armour will break if you move.
Continue?
The two-headed ogre attacks as you move away!
The two-headed ogre hits you with a +0 giant club!!
Ouch! That really hurt!
You die...

### .. ## #.
o#...#.###
...o.....#
.#...#.#O# # ##
## #.#@# .###.
..#.######
#.#.####
####......#
.......#
######.#
..#.##.########
#.######
....##........#
#.##...###
....##........#
###..).....###
...###........#
#....#.....^.##
..####........#
#.#.#####.....#


You could see a two-headed ogre.

Vanquished Creatures
  Pikel (D:5)
  2 water moccasins (D:5)
  Duvessa (D:4)
  An ice beast (D:5)
  2 ogres
  A centaur (D:6)
  A phantom (Temple)
  A kobold brigand (D:6)
  2 necrophages (D:6)
  A scorpion (D:6)
  A water moccasin zombie (Ossuary)
  10 wights
  Dowan (D:4)
  A howler monkey (D:6)
  2 bullfrog zombies (Ossuary)
  3 centaur zombies (Ossuary)
  A jelly (D:5)
  4 hounds
  An orc priest (D:6)
  A gnoll bouda (D:6)
  An iguana (D:4)
  2 orc wizards
  10 gnolls (D:6)
  8 adders
  An ufetubus (D:5)
  3 adder zombies (Ossuary)
  4 worms
  2 dart slugs
  15 orcs
  5 endoplasms
  4 giant cockroaches
  3 gnoll zombies (Ossuary)
  4 goblins
  7 hobgoblins
  6 jackals
  5 quokkas
  9 ball pythons
  8 bats
  3 frilled lizards
  2 goblin zombies (Ossuary)
  4 hobgoblin zombies (Ossuary)
  14 kobolds
  5 orc zombies (Ossuary)
  4 rats
167 creatures vanquished.

Vanquished Creatures (others)
  An orc wizard (D:4)
  2 fungi (D:6)
  19 plants (D:4)
22 creatures vanquished.

Grand Total: 189 creatures vanquished

Notes
Turn   | Place    | Note
-------+----------+-------------------------------------------
     0 | D:1      | Ashen the Demonspawn Ice Elementalist began the quest for
                  | the Orb.
     0 | D:1      | Reached XP level 1. HP: 13/13 MP: 3/3
   497 | D:1      | Gained mutation: You regenerate a little health from kills.
                  | [demonic ancestry]
   497 | D:1      | Reached XP level 2. HP: 19/20 MP: 5/5
  1379 | D:2      | Found Atatt's General Store.
  1388 | D:2      | Found a faded altar of an unknown god.
  1389 | D:2      | Noticed a great orb of eyes
  1395 | D:2      | Noticed an eye of devastation
  1402 | D:2      | Noticed a golden eye
  1402 | D:2      | Noticed a great orb of eyes
  1484 | D:2      | Gained mutation: You sometimes gain a little power by
                  | taking damage. [demonic ancestry]
  1484 | D:2      | Reached XP level 3. HP: 22/25 MP: 6/6
  1494 | D:2      | Reached skill level 1 in Fighting
  1581 | D:2      | Learned a level 3 spell: Frozen Ramparts
  2482 | D:2      | Bought a scroll of blinking for 90 gold pieces
  2482 | D:2      | Bought a scroll of identify for 24 gold pieces
  2491 | D:3      | Found a shimmering blue altar of Sif Muna.
  2602 | D:3      | Reached skill level 4 in Ice Magic
  2604 | D:3      | Gained mutation: You have a pair of small antennae on your
                  | head. [demonic ancestry]
  2604 | D:3      | Reached XP level 4. HP: 16/32 MP: 3/7
  2617 | D:3      | Learned a level 3 spell: Ozocubu's Armour
  2666 | D:3      | Found a shimmering altar of Xom.
  4059 | D:4      | Noticed Duvessa
  4063 | D:4      | Noticed Dowan
  4150 | D:4      | Found a sand-covered staircase.
  4161 | Ossuary  | Entered an ossuary
  4208 | Ossuary  | Reached XP level 5. HP: 38/38 MP: 9/9
  4474 | Ossuary  | Reached XP level 6. HP: 30/45 MP: 4/10
  4790 | Ossuary  | Learned a level 4 spell: Hailstorm
  5129 | Ossuary  | Noticed a silent spectre
  5321 | D:4      | Reached XP level 7. HP: 51/51 MP: 5/12
  5328 | D:4      | Reached skill level 1 in Conjurations
  5740 | D:4      | Killed Dowan
  5930 | D:4      | Killed Duvessa
  6104 | D:5      | Entered Level 5 of the Dungeon
  6137 | D:5      | Found a staircase to the Ecumenical Temple.
  6149 | Temple   | Entered the Ecumenical Temple
  6187 | Temple   | Became a worshipper of Vehumet
  6360 | D:5      | Reached skill level 5 in Ice Magic
  6542 | D:5      | Noticed Menkaure
  6719 | D:5      | Gained mutation: You sometimes gain power by taking damage.
                  | [demonic ancestry]
  6719 | D:5      | Reached XP level 8. HP: 41/59 MP: 14/14
  6793 | D:5      | Noticed Pikel
  6829 | D:5      | Killed Pikel
  7062 | D:5      | Reached skill level 5 in Stealth
  8043 | D:6      | Reached * piety under Vehumet
  8043 | D:6      | Offered knowledge of Shock by Vehumet.
  8048 | D:6      | Reached skill level 5 in Spellcasting
  8048 | D:6      | Gained mutation: You are partially covered in large bone
                  | plates. (SH +4) [demonic ancestry]
  8048 | D:6      | Reached XP level 9. HP: 48/66 MP: 5/16
  8061 | D:6      | Found the +3 Mad Mage's Maulers {Infuse+∞ RegenMP Int-3}
  8228 | D:6      | Reached skill level 6 in Ice Magic
  8250 | D:6      | Reached skill level 5 in Dodging
  8272 | D:6      | Reached skill level 5 in Fighting
  9751 | D:6      | Noticed a two-headed ogre
  9758 | D:6      | Mangled by a two-headed ogre

Illustrated notes

Levels and vault maps discovered:
D:1:      erik_arrival_blinker_ship, layout_loops_corners
D:2:      layout_rooms, serial_shops, nicolae_shop_crystal,
          hellmonk_ecumenical_altar_watching_god
D:3:      layout_loops_corners, nicolae_sif_muna_condensation, xom_teletrap_fun,
          guppyfry_early_orc_mine
D:4:      layout_loops_cross, nicolae_ossuary_entry_plus,
          cheibrodos_sewer_entry_drain, chequers_big_river, uniq_duvessa
D:5:      layout_loops_cross, general_overflow_altar, temple_pool_b,
          uniq_menkaure, uniq_pikel
D:6:      layout_loops_cross, mainiacjoe_overflow_cross_hatched, eino_curves_01,
          minmay_checkerbox
Temple:   corrupted_temple

Skill      XL: |  1  2  3  4  5  6  7  8  9 |
---------------+----------------------------+-----
Stealth        | 2 3 4 5 |  5.0
Dodging        | 2 3 4 5 |  5.4
Fighting       | 1 2 3 4 5 |  5.3
Ice Magic      | 4 5 6 |  6.3
Spellcasting   | 3 4 5 |  5.5
Conjurations   | 2 3 4 |  4.5

Action                   |  1- 3 |  4- 6 |  7- 9 || total
-------------------------+-------+-------+-------++-------
Melee: Unarmed           |    11 |       |       ||    11
       Short sword       |    31 |   210 |   146 ||   387
       Whip              |    76 |    92 |   281 ||   449
       Punch             |     2 |     4 |     5 ||    11
 Cast: Freeze            |    22 |     9 |     4 ||    35
       Frozen Ramparts   |     2 |     8 |    20 ||    30
       Ozocubu's Armour  |       |    15 |    28 ||    43
       Hailstorm         |       |       |    10 ||    10
  Use: Scroll            |     6 |    10 |     5 ||    21
       Potion            |       |     5 |     6 ||    11
 Stab: Sleeping          |     6 |     3 |     5 ||    14
       Distracted        |       |       |     1 ||     1
Armor: Robe              |    27 |       |       ||    27
       Leather armour    |    10 |   162 |   162 ||   334
Dodge: Dodged            |    99 |   285 |   251 ||   635
Block: Other             |       |       |    36 ||    36
